 Dungeon Crawl Stone Soup version 0.20.1-1-g8b1a95d (webtiles) character file.

26 vatarom the Ruffian (level 2, -1/24 HPs)
             Began as a Draconian Transmuter on Sept 20, 2017.
             Slain by a gnoll
             ... wielding a +2 whip of draining
              (4 damage)
             ... on level 1 of the Dungeon.
             The game lasted 00:03:05 (735 turns).

vatarom the Ruffian (Draconian Transmuter)           Turns: 735, Time: 00:03:06

Health: -1/24      AC:  4    Str: 12    XL:     2   Next: 89%
Magic:  0/5        EV: 11    Int: 21    God:
Gold:   42         SH:  0    Dex: 11    Spells: 2/5 levels left

rFire    . . .     SeeInvis .     - Unarmed
rCold    . . .     Gourm    .   (no shield)
rNeg     . . .     Faith    .   (armour unavailable)
rPois    .         Spirit   .   (helmet restricted)
rElec    .         Reflect  .   (no cloak)
rCorr    .         Harm     .   (no gloves)
MR       .....                  (no boots)
Stlth    +.........             (no amulet)
Regen    0.1/turn               e - +3 ring of intelligence
MPRegen  0.1/turn               (no ring)

@: brilliant, heavily drained
A: unfitting armour, cold-blooded, AC +4
a: no special abilities


You were on level 1 of the Dungeon.
You were not hungry.

You visited 1 branch of the dungeon, and saw 1 of its levels.

You collected 42 gold pieces.

Inventory:

Missiles
 a - 7 arrows
 f - 7 tomahawks (quivered)
Jewellery
 e - a +3 ring of intelligence (left hand)
Books
 b - a book of Changes

   Spells                             Type                      Level
   a - Beastly Appendage              Transmutation                1
   b - Sticks to Snakes               Transmutation                2
   c - Spider Form                    Transmutation/Poison         3
   d - Ice Form                       Ice/Transmutation            4
   e - Blade Hands                    Transmutation                5
Comestibles
 c - 2 bread rations
 d - 3 chunks of flesh


   Skills:
 + Level 1.7(0.1) Fighting
 - Level 1.7(0.1) Dodging
 * Level 3.6(1.9) Unarmed Combat
 - Level 2.0(0.4) Spellcasting
 + Level 2.4(0.7) Transmutations


You had 2 spell levels left.
You knew the following spells:

 Your Spells              Type           Power        Failure   Level  Hunger
a - Beastly Appendage     Tmut           ###...       1%          1    ##.....
b - Sticks to Snakes      Tmut           ###.....     2%          2    ###....


Dungeon Overview and Level Annotations

Branches:
Dungeon (1/15)

Altars:


Innate Abilities, Weirdness & Mutations

Your plain brown scales are hard. (AC +4)
You cannot fit into any form of body armour.
You are cold-blooded and may be slowed by cold attacks.


Message History

f - 7 tomahawks
Casting: Sticks to Snakes
Confirm with . or Enter, or press ? or * to list all spells.
You create a snake!
You now have 7 arrows.
The gnoll misses you.
You hit the gnoll.
The gnoll is heavily wounded.
The gnoll hits you with a whip of draining!
* * * LOW HITPOINT WARNING * * *
You feel drained.
* * * LOW HITPOINT WARNING * * *
Your adder closely misses the gnoll.
You swap places.
Your adder bites the gnoll.
The gnoll misses your adder.
Unknown command.
Unknown command.
You strike the helpless gnoll from behind!
You hit the gnoll but do no damage. You tail-slap the gnoll.
The gnoll is severely wounded.
Your adder barely misses the gnoll.
The gnoll hits you with a whip of draining.
You die...

#.#################....####
###>......................###
#......####.#############....
#......##.#.# #.. ##..#
#.....รท##.#.# #.# #..#
#......##.#.###.# #..#
#.........#.....# #..#
##.###....#g###.#####.# #.##
#. #...S#S@.........# #.## #
#..........####### #.##
........#.###.# #.#####..#
####...##.# #.# #.##...#.#
###....###.####.##...'..
#.............##...##.
#.............####.##.
#...#########.# #.### ##
#.####.###


You could see a gnoll and a friendly adder.

Vanquished Creatures
  A gnoll (D:1)
  3 leopard geckos (D:1)
  A bat (D:1)
  A giant cockroach (D:1)
  A frilled lizard (D:1)
  4 goblins (D:1)
  3 kobolds (D:1)
  2 rats (D:1)
16 creatures vanquished.

Notes
Turn   | Place    | Note
-------+----------+-------------------------------------------
     0 | D:1      | vatarom the Draconian Transmuter began the quest for the Orb.
     0 | D:1      | Reached XP level 1. HP: 16/16 MP: 3/3
   159 | D:1      | Reached XP level 2. HP: 15/23 MP: 5/5
   166 | D:1      | Learned a level 2 spell: Sticks to Snakes
   735 | D:1      | Slain by a gnoll

Action                   || total
-------------------------++-------
Melee: Unarmed           ||    37
       Tailslap          ||     4
       Punch             ||     1
       Kick              ||     3
       Headbutt          ||     1
 Cast: Beastly Appendage ||    12
       Sticks to Snakes  ||     5
  Use: Scroll            ||     4
       Potion            ||     3
 Stab: Distracted        ||     1
Armor: Skin              ||     7
Dodge: Dodged            ||    25
